[Event "Late-Titled-Tuesday-Blitz-September-19-2023"]
[Site "Chess.com"]
[Date "2023.09.19"]
[Round "11"]
[White "Dhaydon19"]
[Black "Nathan_Filgueiras"]
[Result "1-0"]
[WhiteElo "2695"]
[BlackElo "2529"]
[TimeControl "180+1"]
[EndTime "16:05:28 PDT"]
[Termination "Dhaydon19 won by resignation"]

1. d4 Nf6 2. c4 e6 3. Nf3 b6 4. g3 Bb7 5. Bg2 Be7 6. O-O O-O 7.
Nc3 Ne4 8. Bd2 d5 9. Qc2 Nd7 10. Rac1 c5 11. dxc5 Nxd2 12. Nxd2 Nxc5 13. cxd5 exd5 14. Rfd1 Rc8 15. Nf3 Bf6 16. Qd2 Ne4 17. Nxe4 dxe4 18. Rxc8 Qxc8 19. Nd4 Rd8 20. e3 Bxd4 21.
exd4 Qd7 22. Qe3 Qd5 23. b3 g6 24. h4 a5 25. Bf1 Qf5 26. Bc4 b5 27. Be2 b4 28.
Bc4 Qf3 29. Be2 Qxe3 30. fxe3 Rc8 31. Bc4 Kg7 32. g4 f5 33. Rf1 Kf6 34. Kg2 Rc7 35. Kg3 Bc8 36. g5+ Ke7 37. Kf4 Kd6 38. h5 a4 39. hxg6 hxg6 40. Rh1 axb3 41. Bxb3 Be6 42.
Rh6 Bxb3 43. axb3 Rg7 44. Rh8 Rc7 45. Rg8 Rc3 46. Rxg6+ Kd5 47. Rf6 Rxb3 48. Rxf5+ Kc4 49. g6 Rb1 50. Rg5 Rf1+ 51. Kxe4 Rf8 52. g7 Rg8 53. Rc5+ Kb3 54. Rc7 Kb2 55. d5 b3 56. Kd4 Kb1 57. e4 b2 58. e5 Ka1 59. Ra7+ Kb1 60. d6 Kc2 61. Rc7+ Kd2 62. Rb7 Kc1 63. e6 Rxg7 64. Rxg7 1-0

[Event "Late-Titled-Tuesday-Blitz-September-19-2023"]
[Site "Chess.com"]
[Date "2023.09.19"]
[Round "11"]
[White "DTChess"]
[Black "UK_23"]
[Result "0-1"]
[WhiteElo "2516"]
[BlackElo "2424"]
[TimeControl "180+1"]
[EndTime "16:05:31 PDT"]
[Termination "UK_23 won by resignation"]

1. e4 e5 2. Nf3 Nc6 3. Bb5 Nf6 4. Bxc6 dxc6 5. d3 Bd6 6. Nbd2 Nd7 7. Nc4 f6 8. Ne3 Nf8 9. b3 Ne6 10. Bb2 Bd7 11. a3 Qe7 12. Nf5 Qf7 13. Nxd6+ cxd6 14. Qd2 Qe7 15. O-O-O O-O-O 16. d4 Kb8 17. Rhe1 Bc8 18. Kb1 Rhe8 19. d5 cxd5 20. Qxd5 Nf4 21. Qb5 Nxg2 22.
Rg1 Nf4 23. Bc1 g5 24. Be3 d5 25. exd5 Bf5 26. Kb2 Be4 27. Qa4 Bxf3 28. Qxa7+ Kc8 29. Bb6 Rxd5 30. Qa8+ Kd7 31. Qxb7+ Ke6 32. Qc6+ Kf7 33. Rxd5 Bxd5 34. Qc3 Ne2 35. Qd3 Nxg1 36. Qxd5+ Qe6 37. Qb5 Nf3 38. a4 Rb8 39. a5 Nd4 40. Qd3 Qf5 41.
Qc4+ Qe6 42. Qd3 Kg7 43. c4 Qf5 44. Qd2 Rb7 45. c5 Rd7 46. Qe3 Qc2+ 47. Ka3 Nxb3 48. c6 Rd3 49. Qxd3 Qxd3 50. c7 Nc5+ 51. Kb4 Na6+ 52. Ka4 Qd7+ 0-1

[Event "Late-Titled-Tuesday-Blitz-September-19-2023"]
[Site "Chess.com"]
[Date "2023.09.19"]
[Round "11"]
[White "TheMagician"]
[Black "Nikachu"]
[Result "1-0"]
[WhiteElo "2242"]
[BlackElo "2181"]
[TimeControl "180+1"]
[EndTime "16:05:31 PDT"]
[Termination "TheMagician won on time"]

1. e4 c5 2. Nf3 d6 3. d4 cxd4 4. Nxd4 Nf6 5. Nc3 e6 6. Bg5 Be7 7. Qe2 a6 8. O-O-O Nbd7 9. f4 Qc7 10. Nf3 b5 11. e5 dxe5 12. fxe5 Nd5 13. Nxd5 Bxg5+ 14. Nxg5 exd5 15. e6 Qf4+ 16. Kb1 Qxg5 17. exd7+ Kxd7 18. Qf3 Bb7 19. Qxf7+ Qe7 20. Qxe7+ Kxe7 21. Be2 Rad8 22. Bf3 Kd6 23. c3 Kc5 24. Rhe1 Rhe8 25.
b4+ Kd6 26. Kc2 a5 27. a3 axb4 28. axb4 Ra8 29. Rxe8 Rxe8 30. Ra1 Kc7 31. Kd3 Kb6 32. Kd4 Rc8 33. Be2 Re8 34. Bd3 h6 35. Rf1 Re7 36. Rf8 Re1 37. Rf7 g5 38. Rf6+ Kc7 39. Rxh6 Rd1 40.
Rg6 g4 41. Rxg4 Bc8 42. Rg7+ Kd6 43. Ke3 1-0

[Event "Late-Titled-Tuesday-Blitz-September-19-2023"]
[Site "Chess.com"]
[Date "2023.09.19"]
[Round "11"]
[White "SantoBlue"]
[Black "Jarming"]
[Result "1/2-1/2"]
[WhiteElo "2941"]
[BlackElo "2741"]
[TimeControl "180+1"]
[EndTime "16:05:33 PDT"]
[Termination "Game drawn by repetition"]

1. e4 c5 2. Nc3 Nc6 3. Bb5 Nd4 4. a4 g6 5. d3 Bg7 6. h4 h6 7.
h5 g5 8. f4 gxf4 9. Bxf4 a6 10. Bc4 d6 11. Nf3 Bg4 12. Rh4 Bxf3 13. gxf3 e6 14. Bg3 Ne7 15. Rg4 Bf6 16. Ne2 Nxf3+ 17. Kf2 Ne5 18. Bxe5 Bxe5 19. c3 d5 20. Ba2 d4 21.
Qb3 Qd7 22. cxd4 Bxd4+ 23. Ke1 Nc6 24. Rc1 O-O-O 25. Kd1 Kb8 26. Kc2 Be3 27. Rd1 Rhg8 28. Rxg8 Rxg8 29. Kb1 Rg2 30. Nc3 Nb4 31. Qc4 Bd4 32.
Bb3 Qc7 33. Rh1 Qf4 34. Nd1 Qd2 35. Rf1 Qxd3+ 36. Qxd3 Nxd3 37. Rxf7 Nxb2 38. a5 c4 39. Bc2 Nxd1 40. Bxd1 c3 41. Kc1 e5 42. Rf3 Ra2 43.
Bb3 Rxa5 44. Bd5 Ra1+ 45. Kc2 Rh1 46. Rf7 Rh2+ 47. Kb3 Rb2+ 48. Ka3 c2 49. Rf8+ Ka7 50. Rc8 b5 51. Bb7 Kxb7 52. Rc7+ Kb6 53. Rc6+ Kb7 54. Rc7+ Ka8 55. Rc8+ Kb7 56. Rc7+ 1/2-1/2

[Event "Late-Titled-Tuesday-Blitz-September-19-2023"]
[Site "Chess.com"]
[Date "2023.09.19"]
[Round "11"]
[White "Deeper44"]
[Black "PapaieDudu"]
[Result "0-1"]
[WhiteElo "2528"]
[BlackElo "2422"]
[TimeControl "180+1"]
[EndTime "16:05:37 PDT"]
[Termination "PapaieDudu won on time"]

1. d4 d5 2. c4 e6 3. Nf3 Nf6 4.
g3 dxc4 5. Bg2 Be7 6. Qc2 a6 7. Qxc4 b5 8. Qc2 Bb7 9. Bf4 c5 10. dxc5 Be4 11. Qc1 Nbd7 12. c6 Nc5 13. c7 Qc8 14.
Nbd2 Bd5 15. O-O b4 16. Nb3 Nxb3 17. axb3 O-O 18. Rd1 Qb7 19. Qc2 Be4 20. Qc4 Rfc8 21. Rac1 Bd5 22. Qc2 Ra7 23. h4 Be4 24. Qc4 Bd5 25. Qc2 h6 26. Ne1 Bxg2 27. Nxg2 Nd5 28.
Be5 f6 29. Qg6 fxe5 30. Qxe6+ Kh8 31. Rxd5 Rxc7 32. Rxc7 Qxc7 33. Ne3 Ra8 34. Nf5 Bf8 35. Rd7 Qc1+ 36. Kg2 Rc8 0-1

[Event "Late-Titled-Tuesday-Blitz-September-19-2023"]
[Site "Chess.com"]
[Date "2023.09.19"]
[Round "11"]
[White "Nekoo04"]
[Black "Heinza9"]
[Result "1-0"]
[WhiteElo "2345"]
[BlackElo "2301"]
[TimeControl "180+1"]
[EndTime "16:05:39 PDT"]
[Termination "Nekoo04 won by resignation"]

1. d4 f5 2. e4 fxe4 3. Nc3 Nf6 4. Bg5 Nc6 5. d5 Ne5 6. Bxf6 exf6 7. Nxe4 f5 8. Nd2 Qf6 9. Be2 Bc5 10. c3 O-O 11.
Ngf3 d6 12. O-O Bd7 13. b4 Bb6 14. c4 a5 15. a3 axb4 16. axb4 Rxa1 17. Qxa1 Re8 18.
Nxe5 Rxe5 19. Bf3 Qe7 20. Qa8+ Kf7 21. Qxb7 Re1 22. h3 f4 23. c5 dxc5 24. Ne4 Rxf1+ 25. Kxf1 Bb5+ 26. Kg1 cxb4 27. d6 Qd7 28. Qd5+ Kf8 29. Ng5 cxd6 30. Nxh7+ Ke7 31. Qg5+ Ke8 32. Bh5+ g6 33.
Bxg6+ Qf7 34. Bxf7+ Kxf7 35. Qxb5 Ke6 36. Qxb6 b3 37. Qxb3+ d5 38. Ng5+ Kf5 39. Qxd5+ Kf6 40. Nf3 1-0

[Event "Late-Titled-Tuesday-Blitz-September-19-2023"]
[Site "Chess.com"]
[Date "2023.09.19"]
[Round "11"]
[White "Eloist"]
[Black "Orest_Vovk"]
[Result "0-1"]
[WhiteElo "2493"]
[BlackElo "2563"]
[TimeControl "180+1"]
[EndTime "16:05:41 PDT"]
[Termination "Orest_Vovk won by resignation"]

1. e4 g6 2. d4 Nf6 3. Nc3 d5 4. e5 Ne4 5. Nce2 f6 6. f3 Ng5 7. h4 Nf7 8. f4 f5 9. Nf3 e6 10. h5 Rg8 11. hxg6 hxg6 12. Be3 c5 13. dxc5 Nc6 14. c3 g5 15. Ned4 gxf4 16. Bxf4 Bxc5 17. Bb5 Bd7 18. Qe2 Qb6 19. a4 Nxd4 20. Bxd7+ Kxd7 21. cxd4 Bb4+ 22. Kf2 Rg7 23. Qb5+ Qxb5 24. axb5 a5 25. bxa6 bxa6 26. Rhc1 a5 27. Rc2 Rc8 28. Rxc8 Kxc8 29. Rc1+ Kd7 30. Bd2 Bxd2 31. Nxd2 Ng5 32. Rc5 a4 33.
Ra5 Rg8 34. Ra7+ Kc6 35. Rxa4 Rb8 36. Ra2 Rb4 37. Ke3 Kb7 38. Kd3 f4 39. Kc3 Rb6 40.
Nb3 Ne4+ 41. Kc2 Rc6+ 42. Kd3 Nf2+ 43. Kd2 Ne4+ 44. Kd3 Rc8 45. Ra1 Rg8 46. Nc5+ Nxc5+ 47. dxc5 Rg3+ 48. Kd4 Rxg2 49. b4 Rc2 50. Rf1 Rc4+ 51. Kd3 Rxb4 52. Rh1 Re4 53. Rh6 Rxe5 54. Rf6 Re4 55.
Kd2 Kc6 0-1

[Event "Late-Titled-Tuesday-Blitz-September-19-2023"]
[Site "Chess.com"]
[Date "2023.09.19"]
[Round "11"]
[White "lamomiajunior"]
[Black "Djager97"]
[Result "1-0"]
[WhiteElo "2651"]
[BlackElo "2550"]
[TimeControl "180+1"]
[EndTime "16:05:43 PDT"]
[Termination "lamomiajunior won by resignation"]

1. d4 Nf6 2. c4 c5 3. d5 d6 4.
Nc3 g6 5. e4 Bg7 6. Nf3 O-O 7. h3 e6 8. Bd3 exd5 9. exd5 Re8+ 10. Be3 Rxe3+ 11. fxe3 Qe7 12. O-O Nbd7 13. Qd2 Nh5 14.
Rae1 Ng3 15. Rf2 Ne5 16. Nxe5 Bxe5 17. Rf3 g5 18. Qf2 Nh5 19. Rf1 f6 20. g4 Ng7 21.
Ne4 Ne8 22. Nxg5 h6 23. Ne4 Bd7 24. Ng3 Ng7 25. Nf5 Nxf5 26. Bxf5 Be8 27. Be6+ Kg7 28. Qg2 b5 29. h4 Bg6 30. g5 hxg5 31. hxg5 fxg5 32. Bf5 Bh5 33. Rh3 Rh8 34. Bg4 Bg6 35. Rxh8 Kxh8 36. Bf5 Bf7 37. Qh3+ Kg7 38. Qh7+ Kf8 39.
Be6 Bf6 40. Qxf7+ Qxf7 41. Bxf7 Kxf7 42. cxb5 Kg6 43. b3 g4 44. Kg2 Bg5 45. e4 Bf6 46. Kg3 Kg5 47. Rf5+ Kg6 48. Kxg4 1-0

[Event "Late-Titled-Tuesday-Blitz-September-19-2023"]
[Site "Chess.com"]
[Date "2023.09.19"]
[Round "11"]
[White "dawid498"]
[Black "TatjanaVasilevich"]
[Result "1-0"]
[WhiteElo "2671"]
[BlackElo "2563"]
[TimeControl "180+1"]
[EndTime "16:05:44 PDT"]
[Termination "dawid498 won by checkmate"]

1. e4 c5 2. Nf3 e6 3. d4 cxd4 4. Nxd4 Nf6 5. Nc3 Bb4 6. e5 Ne4 7. Qg4 Nxc3 8. Qxg7 Rf8 9. a3 Qa5 10. axb4 Qxa1 11. Nb3 Qb1 12. bxc3 d6 13. Bd3 a5 14.
O-O Nd7 15. exd6 a4 16. Nc5 Nxc5 17. Bh6 Qxf1+ 18. Kxf1 Nd7 19. Qg5 f6 20. Qg7 Rf7 21. Qg8+ Nf8 22. Bxf8 Rxf8 23. Qxh7 Rf7 24. Bg6 Kd7 25.
Qxf7+ Kxd6 26. Qxf6 a3 27. c4 a2 28. c5+ Kc6 29.
Qa1 e5 30. c4 Be6 31. Be4+ Kd7 32. Bd5 Bf5 33. Bxb7 Ra3 34. Bd5 Bg4 35. f3 Bf5 36. c6+ Kc8 37. Be4 Be6 38. Bd5 Bf5 39. b5 Bd3+ 40.
Kf2 Bg6 41. c5 Bb1 42. b6 Rd3 43. Be6+ Kd8 44. c7+ Ke7 45. c8=Q Rd1 46. Qc7+ Kxe6 47. Qcxe5+ Kd7 48. c6+ Kxc6 49. Qac3+ Kxb6 50. Qec5+ Kb7 51. Q3b4+ Ka8 52. Qca5# 1-0

[Event "Late-Titled-Tuesday-Blitz-September-19-2023"]
[Site "Chess.com"]
[Date "2023.09.19"]
[Round "11"]
[White "TEREZANA"]
[Black "Qvalda"]
[Result "1/2-1/2"]
[WhiteElo "2478"]
[BlackElo "2369"]
[TimeControl "180+1"]
[EndTime "16:05:46 PDT"]
[Termination "Game drawn by repetition"]

1. d4 Nf6 2. Nf3 e6 3. Bg5 b6 4. Nbd2 Bb7 5. e3 Be7 6. Bd3 h6 7. Bh4 d5 8. O-O Nbd7 9. c3 O-O 10. Ne5 Nxe5 11. dxe5 Nd7 12. Bxe7 Qxe7 13. f4 Nc5 14.
Bc2 Ne4 15. Bxe4 dxe4 16. Qa4 Qe8 17. Qc4 Rd8 18. Nb3 Rd3 19. Rfe1 a5 20. Qxc7 Qc6 21. Qxc6 Bxc6 22. Rad1 f6 23. exf6 gxf6 24. Nd4 Bd5 25. Rxd3 exd3 26. Rd1 e5 27. Nf5 Bxa2 28. Nxh6+ Kh7 29. Nf5 e4 30. g4 Bb3 31. Rd2 Kg6 32. Ng3 Bd5 33. h4 Kf7 34. Kf2 b5 35. g5 fxg5 36.
hxg5 Kg6 37. Rd1 Rh8 38. Rh1 Rxh1 39. Nxh1 Kh5 40. Ng3+ Kg4 41. Nf1 b4 42. cxb4 axb4 43. Nd2 Bc6 44. Nf1 Bd5 45. Nh2+ Kh3 46. Nf1 Kg4 1/2-1/2

[Event "Late-Titled-Tuesday-Blitz-September-19-2023"]
[Site "Chess.com"]
[Date "2023.09.19"]
[Round "11"]
[White "wild3000"]
[Black "rikchessmx"]
[Result "1-0"]
[WhiteElo "2471"]
[BlackElo "2346"]
[TimeControl "180+1"]
[EndTime "16:05:49 PDT"]
[Termination "wild3000 won by checkmate"]

1. a3 g6 2. h4 h5 3. d4 Bg7 4. e4 b6 5. Bd3 Bb7 6. Ne2 Nc6 7.
c3 d5 8. e5 Nh6 9. Ng3 e6 10.
Nd2 Nf5 11. Nf3 Nce7 12. Bg5 Qd7 13. a4 a5 14. O-O c5 15. Bb5 Bc6 16. Bxc6 Nxc6 17.
dxc5 bxc5 18. Nxf5 gxf5 19. Re1 Bf8 20. Bf6 Rg8 21.
Ng5 Be7 22. Qxh5 Bxf6 23. exf6 O-O-O 24. Rac1 Rdf8 25. b4 axb4 26. cxb4 c4 27. b5 Nd4 28.
Qd1 Qa7 29. Qd2 Nb3 30. Qb4 Nxc1 31. Rxc1 Kb7 32. Qe7+ Ka8 33. Qb4 Rb8 34. a5 Qd4 35. b6 Kb7 36. a6+ Kc6 37. b7 Qb6 38. Qa4+ Kc7 39.
Nxf7 Qc6 40. Qxc6+ Kxc6 41. Ne5+ Kb6 42. Nd7+ Ka7 43. Nxb8 Rxb8 44. Ra1 c3 45. h5 d4 46. Kf1 d3 47. Ke1 Rd8 48. f7 Rf8 49. Rb1 Kb8 50. h6 c2 51. Rc1 e5 52. Kd2 e4 53.
f3 e3+ 54. Kxd3 f4 55. Rxc2 Rxf7 56. Rc8+ Ka7 57. b8=Q+ Kxa6 58. Rc6+ Ka5 59. Qb6+ Ka4 60. Rc4+ Ka3 61. Qb4+ Ka2 62. Rc2+ Ka1 63. Qa3+ Kb1 64.
Qa2# 1-0

[Event "Late-Titled-Tuesday-Blitz-September-19-2023"]
[Site "Chess.com"]
[Date "2023.09.19"]
[Round "11"]
[White "GadimbayliA"]
[Black "Jospem"]
[Result "1-0"]
[WhiteElo "2856"]
[BlackElo "3051"]
[TimeControl "180+1"]
[EndTime "16:05:51 PDT"]
[Termination "GadimbayliA won by checkmate"]

1. Nf3 Nf6 2. Nc3 d5 3. d4 c6 4. Bf4 Bf5 5. e3 e6 6. Bd3 Nbd7 7.
O-O Be7 8. h3 O-O 9. Re1 Bb4 10.
a3 Bxc3 11. bxc3 Ne4 12. c4 h6 13. cxd5 exd5 14. c4 dxc4 15. Bxc4 Nb6 16. Bd3 Nd5 17. Qc2 Ndf6 18. Nd2 Qd5 19. f3 Nxd2 20. Bxf5 Nc4 21.
Bd3 Nb6 22. Rad1 Rad8 23. Be5 Nfd7 24. e4 Qe6 25. Bc7 Rc8 26. Bg3 Rfd8 27. Qb1 Nf8 28. d5 Qe8 29. d6 c5 30. e5 Qa4 31. Bf5 Ne6 32. Re4 Qxa3 33. Bxe6 fxe6 34. Rg4 Rd7 35.
Qg6 Qb3 36. Rb1 Qa2 37. Rf1 Rf8 38. Bh4 Rff7 39. Be7 Qd5 40. f4 Nc4 41. Rf3 Rdxe7 42. dxe7 Rxe7 43. Qxh6 Qd4+ 44. Kh2 Ne3 45. Rg5 Nd5 46.
Rfg3 Kf8 47. Qh8+ Kf7 48. Rxg7# 1-0

[Event "Late-Titled-Tuesday-Blitz-September-19-2023"]
[Site "Chess.com"]
[Date "2023.09.19"]
[Round "11"]
[White "victormago"]
[Black "AsaHoffmann"]
[Result "0-1"]
[WhiteElo "2507"]
[BlackElo "2397"]
[TimeControl "180+1"]
[EndTime "16:05:53 PDT"]
[Termination "AsaHoffmann won by resignation"]

1. d4 Nf6 2. c4 c5 3. d5 e5 4.
Nc3 d6 5. e4 Be7 6. Bd3 Nbd7 7. Nge2 Nf8 8. O-O Ng6 9. f3 O-O 10.
Be3 Nh5 11. Qd2 h6 12. g3 Bg5 13. f4 exf4 14. gxf4 Bh4 15. Kh1 f5 16. Rg1 Qf6 17.
e5 dxe5 18. Bxc5 e4 19. Bd4 Qf7 20. Bc2 Nf6 21. Rg2 Re8 22. Rag1 Ng4 23. h3 e3 24. Qc1 Bf2 25. hxg4 fxg4 26. Rxg4 Bxg4 27. Rxg4 Ne5 28.
Rg2 Qh5+ 29. Rh2 Qf3+ 30. Rg2 Ng4 31. Ng1 Qxf4 32. Nce2 Qg5 33. Nf3 Qh5+ 34. Nh2 Nxh2 35. Rxg7+ Kf8 36. Kg2 Ng4 37. Qh1 Qxh1+ 38. Kxh1 Ne5 39.
Rh7 Kg8 40. Rxb7 Rac8 41. Nf4 Rxc4 42. Bxe5 Rxe5 43. Bh7+ Kf8 44. Ng6+ Ke8 45. Nxe5 e2 46.
Bg6+ Kd8 47. Rxa7 e1=Q+ 48. Kg2 Qxe5 0-1

[Event "Late-Titled-Tuesday-Blitz-September-19-2023"]
[Site "Chess.com"]
[Date "2023.09.19"]
[Round "11"]
[White "karinachess1"]
[Black "cassoulet"]
[Result "0-1"]
[WhiteElo "2614"]
[BlackElo "2777"]
[TimeControl "180+1"]
[EndTime "16:05:55 PDT"]
[Termination "cassoulet won by checkmate"]

1. d4 Nf6 2. c4 g6 3. g3 Bg7 4. Bg2 d5 5. cxd5 Nxd5 6. Nf3 O-O 7. O-O Nb6 8. Nc3 Nc6 9. d5 Nb4 10. e4 e6 11. a3 Na6 12. Bg5 Qd7 13. Qd2 Nc5 14.
dxe6 Qxe6 15. Rae1 Nb3 16. Qc2 c6 17. Be3 Qc4 18. Nd2 Nxd2 19. Qxd2 Be6 20. Bh6 Rad8 21. Qf4 Qb3 22. Bxg7 Kxg7 23. Rb1 Nc4 24. Rfd1 Rxd1+ 25. Nxd1 Nxa3 26. Ra1 Nb5 27. Qd2 a6 28. Ne3 c5 29. Rc1 b6 30. f4 Nd4 31. f5 Rd8 32. Qf2 Bc8 33. f6+ Kh8 34. Nd5 Be6 35. Re1 h6 36.
Qf4 Kh7 37. h4 Qxb2 38. Qc7 Rd7 39. Qb8 Bxd5 40. Qf8 Ne6 41. Qe8 Qd4+ 42. Kh2 Bc4 43. Rc1 b5 44. Ra1 Qxa1 45. Qxd7 Qxf6 46. e5 Qf2 47. Qe7 Bf1 48. Kh3 Bxg2+ 49. Kg4 h5# 0-1

[Event "Late-Titled-Tuesday-Blitz-September-19-2023"]
[Site "Chess.com"]
[Date "2023.09.19"]
[Round "11"]
[White "jaskol95"]
[Black "Mops_2004"]
[Result "1-0"]
[WhiteElo "2597"]
[BlackElo "2793"]
[TimeControl "180+1"]
[EndTime "16:05:59 PDT"]
[Termination "jaskol95 won on time"]

1. d4 g6 2. Nc3 Bg7 3. e4 d6 4. Bf4 a6 5. Qd2 b5 6. f3 Bb7 7. a3 Nd7 8. Nge2 c5 9. Be3 cxd4 10. Bxd4 Bxd4 11. Nxd4 Ngf6 12. Be2 Qb6 13. Nb3 O-O 14. h4 Ne5 15. Qh6 Nc4 16. h5 Ne3 17. hxg6 fxg6 18. Kd2 Nc4+ 19. Kc1 Rac8 20. Kb1 b4 21. axb4 Qxb4 22.
Ra4 Na3+ 23. Ka2 Qb6 24. Rxa3 Qf2 25. Na5 Rxc3 26. Rxc3 Qxe2 27. Nxb7 Qb5 28. Rb3 Qc4 29. Na5 Qa4+ 30. Ra3 Qxc2 31. Nb3 Qxg2 32. Rxa6 Qxf3 33. e5 dxe5 34. Rh3 Qd5 35. Qd2 Qc4 36. Qd3 Qg4 37. Rg3 Qc8 38. Ra4 Kh8 39. Qc4 Qf5 40. Rc3 e4 41.
Nd4 Qe5 42. Ne6 Rg8 43. Nc5 e3 44. Nd3 Qg3 45. Qd4 e2 46. Ra5 e1=Q 47. Nxe1 Qxe1 48.
Re5 1-0

[Event "Late-Titled-Tuesday-Blitz-September-19-2023"]
[Site "Chess.com"]
[Date "2023.09.19"]
[Round "11"]
[White "Road2GM3000"]
[Black "floplover"]
[Result "0-1"]
[WhiteElo "2480"]
[BlackElo "2411"]
[TimeControl "180+1"]
[EndTime "16:06:03 PDT"]
[Termination "floplover won by checkmate"]

1. d4 d5 2. c4 e6 3. Nc3 Bb4 4.
cxd5 exd5 5. Nf3 Nf6 6. Bg5 h6 7.
Bh4 g5 8. Bg3 Ne4 9. Nd2 Bxc3 10. bxc3 Nxg3 11. hxg3 Nc6 12. e3 Qe7 13. Nf3 Be6 14.
Bb5 Bd7 15. Bxc6 Bxc6 16. Ne5 Bb5 17. a4 Ba6 18. Qg4 Rd8 19. Kd2 Rd6 20. Rhb1 O-O 21.
Rh1 b6 22. Rh5 Bc8 23. Qe2 c5 24. Rah1 Kg7 25. f4 cxd4 26. exd4 Bf5 27. fxg5 hxg5 28. g4 Be4 29. Nf3 Rg6 30. Qe3 Qa3 31. Rh7+ Kf6 32.
Rf1 Qb2+ 33. Ke1 Ke7 34. Nd2 Qc1+ 35. Kf2 Rf6+ 36. Ke2 Rxf1 37. Nxf1 Qxe3+ 38. Nxe3 Bxh7 39. Nxd5+ Kd6 40. Nf6 Bg6 41. c4 Rc8 42. c5+ bxc5 43. Ke3 cxd4+ 44. Kxd4 Rb8 45. Kc3 Rb6 46. Ne8+ Kd7 47.
Ng7 Rc6+ 48. Kd4 Rd6+ 49. Ke5 Rd2 50. a5 Rxg2 51. a6 Rxg4 52. Kf6 Ra4 53. Nf5 Rxa6+ 54. Kg7 Bxf5 55. Kf8 g4 56. Kg8 g3 57. Kg7 g2 58.
Kf8 g1=Q 59. Kxf7 Qg6+ 60. Kf8 Qf6+ 61. Kg8 Qe7 62. Kh8 Rh6+ 63. Kg8 Qe8+ 64. Kg7 Qg6+ 65.
Kf8 Rh8# 0-1

[Event "Late-Titled-Tuesday-Blitz-September-19-2023"]
[Site "Chess.com"]
[Date "2023.09.19"]
[Round "11"]
[White "WPWPWP-2015"]
[Black "Alexei_Gubajdullin"]
[Result "0-1"]
[WhiteElo "2544"]
[BlackElo "2649"]
[TimeControl "180+1"]
[EndTime "16:06:05 PDT"]
[Termination "Alexei_Gubajdullin won by checkmate"]

1. e4 g6 2. d4 d6 3. Nc3 Bg7 4. Nf3 Nf6 5. Be2 O-O 6. O-O a6 7. a4 b6 8. Re1 e6 9. h3 Nc6 10. Bg5 h6 11. Bh4 Bb7 12. Qd2 Nb4 13. Bf1 c5 14.
Rad1 cxd4 15. Nxd4 Qc7 16. Nf3 Rfd8 17. Bg3 Ne8 18.
Nd4 Rac8 19. Re2 Qc5 20. Kh1 Qh5 21. f4 e5 22. Nf3 d5 23. Nxe5 d4 24. Nd5 Nxd5 25.
exd5 Bxd5 26. Kh2 Nf6 27. Qxd4 Ng4+ 28. Kg1 Nxe5 29. fxe5 Bf8 30. Kh2 Bf3 31. Qxd8 Rxd8 32. Rxd8 Bxe2 33. Bxe2 Qxe2 34. b4 Kg7 35. c3 a5 36.
bxa5 bxa5 37. e6 Qxe6 38. Ra8 Qd5 39. Ra6 Be7 40. Rb6 Bf6 41. Rb5 Qc4 42. Rxa5 Bxc3 43. Rb5 Qxa4 44. Rc5 Bf6 45. Rd5 h5 46. Rc5 h4 47. Bd6 Qd4 48. Rc6 Qd5 49. Ra6 Bd4 50.
Bf4 Qe4 51. Bd2 Qe2 52. Ra2 Qf1 53. Bh6+ Kxh6 54. Rf2 Bxf2 55. g4 hxg3# 0-1

[Event "Late-Titled-Tuesday-Blitz-September-19-2023"]
[Site "Chess.com"]
[Date "2023.09.19"]
[Round "11"]
[White "Verony64"]
[Black "KorolDimitriy75"]
[Result "1-0"]
[WhiteElo "2298"]
[BlackElo "2361"]
[TimeControl "180+1"]
[EndTime "16:06:06 PDT"]
[Termination "Verony64 won by checkmate"]

1. e4 c5 2. Nc3 g6 3. d3 Bg7 4. g3 Nc6 5. Bg2 d6 6. f4 e5 7. Nf3 Nd4 8. O-O Bg4 9. Be3 Qd7 10. Ne2 Ne7 11. c3 Nxe2+ 12. Qxe2 O-O 13. Qd2 b6 14. Rae1 Rae8 15. Kh1 Bh3 16. Ng5 Bxg2+ 17. Qxg2 h6 18. Nf3 f5 19. Qh3 Qb5 20. fxe5 dxe5 21.
Bxh6 Rf7 22. Ng5 Bxh6 23. Nxf7 Kxf7 24. Qxh6 Qxd3 25. Qh7+ Kf6 26. Qh4+ Kg7 27. Qg5 Qd6 28. exf5 Qc6+ 29. Kg1 Qf6 30. Qxf6+ Kxf6 31. fxg6+ Ke6 32. g7 Rg8 33. Rf8 Rxg7 34. Ra8 Nc6 35. Re8+ Kd6 36. Kg2 Kd7 37. Rf8 Kd6 38. h4 Kd5 39. h5 a5 40.
h6 Rh7 41. Rf6 e4 42. g4 Ne5 43. g5 Ng4 44. Rf5+ Ke6 45. Rf4 e3 46. Rxg4 Kf5 47.
Rg3 Rh8 48. Rexe3 Rg8 49. Ref3+ Kg6 50. Rg4 Rd8 51. Kg3 Rd2 52. Rgf4 Rd1 53. Rf6+ Kxg5 54.
Rf7 Rg1+ 55. Kf2 Rb1 56. Rg3+ Kxh6 57. Rf8 Rxb2+ 58. Kf3 Rxa2 59. Rh8# 1-0

[Event "Late-Titled-Tuesday-Blitz-September-19-2023"]
[Site "Chess.com"]
[Date "2023.09.19"]
[Round "11"]
[White "Zhigalko_Sergei"]
[Black "Alphafischer2019"]
[Result "1-0"]
[WhiteElo "2834"]
[BlackElo "2631"]
[TimeControl "180+1"]
[EndTime "16:06:10 PDT"]
[Termination "Zhigalko_Sergei won by resignation"]

1. e4 c5 2. Nf3 Nc6 3. c3 Nf6 4. e5 Nd5 5. Bc4 Nb6 6. Bb3 d5 7. exd6 Qxd6 8. O-O c4 9. Bc2 g6 10. b3 Bg7 11. Na3 cxb3 12. axb3 O-O 13. Nc4 Nxc4 14.
bxc4 Rd8 15. d4 Qc7 16. Bg5 h6 17. Bh4 b6 18. Re1 Bb7 19. Qb1 Re8 20. Bg3 Qc8 21.
Ba4 e6 22. d5 Na5 23. Bxe8 Qxe8 24. Rxa5 Bxc3 25. Ra3 Bxe1 26. Qxe1 exd5 27. Re3 Qc8 28. cxd5 Bxd5 29. h3 Qb7 30. Be5 a5 31. Ba1 Qc6 32.
Ne5 Qc7 33. Ng4 Qc6 34. Nxh6+ Kh7 35. Ng4 Be6 36. Nf6+ Kh6 37. Qd2 Kg7 38. Rg3 Rc8 39.
Kh2 Qc1 40. Qd4 Kf8 41. Ne4 Qc7 42. Qh8+ Ke7 43. Qf6+ Kd7 44. Be5 Qc2 45. Nd6 Re8 46.
Nxe8 Kxe8 47. Bd6 Kd7 48. Rc3 Qxc3 49. Qxc3 Kxd6 50. g4 a4 51. Qb4+ Kc7 52. Kg3 Bb3 53. h4 Kc6 54. h5 gxh5 55. gxh5 b5 56. h6 Bc2 57. Qc3+ 1-0

[Event "Late-Titled-Tuesday-Blitz-September-19-2023"]
[Site "Chess.com"]
[Date "2023.09.19"]
[Round "11"]
[White "Msb2"]
[Black "Beca95"]
[Result "0-1"]
[WhiteElo "3084"]
[BlackElo "2876"]
[TimeControl "180+1"]
[EndTime "16:06:11 PDT"]
[Termination "Beca95 won by checkmate"]

1. d4 Nf6 2. c4 c5 3. d5 e6 4. Nc3 exd5 5. cxd5 d6 6. e4 g6 7. h3 Bg7 8. Nf3 O-O 9. Bd3 b5 10. Nxb5 Re8 11. O-O Nxe4 12. Re1 a6 13. Nc3 Nxc3 14. Rxe8+ Qxe8 15. bxc3 Bxc3 16. Rb1 Nd7 17.
Ng5 Nf6 18. Bf4 Be5 19. Qf3 Bxf4 20. Qxf4 Qe7 21. Kf1 Kg7 22. Re1 Qd8 23. Qh4 h6 24. Nf3 Rb8 25. Qf4 Rb4 26. Qd2 Qa5 27. Kg1 Qa3 28. Bf1 Qb2 29. Qd3 Qxa2 30. Re7 Qxd5 31. Qe3 Rb7 32. Nh2 a5 33. Rxb7 Bxb7 34. Qa3 Qd2 35.
Qa4 Qb4 36. Qd1 d5 37. Qa1 d4 38. Ng4 Nxg4 39. hxg4 a4 40. Qc1 g5 41. Qd1 Qb3 42. Qe2 Qd5 43. Qe7 a3 44. Qc7 a2 45.
Qa5 Bc6 46. f3 Bd7 47. Kh2 Be6 48. Bd3 c4 49. Qxa2 cxd3 50. Qd2 Qe5+ 51. Kh3 Qe3 52. Qa5 d2 53. Qc5 d1=Q 54. Qd6 Qh1+ 55. Qh2 Qxh2+ 56. Kxh2 d3 57. Kg3 d2 58. Kh3 d1=Q 59. Kg3 Qf4+ 60. Kh3 Qh1# 0-1

[Event "Late-Titled-Tuesday-Blitz-September-19-2023"]
[Site "Chess.com"]
[Date "2023.09.19"]
[Round "11"]
[White "GMBenjaminBok"]
[Black "Lennis93"]
[Result "1-0"]
[WhiteElo "2957"]
[BlackElo "2740"]
[TimeControl "180+1"]
[EndTime "16:06:16 PDT"]
[Termination "GMBenjaminBok won by checkmate"]

1. d4 Nf6 2. c4 b6 3. Nc3 Bb7 4. Qc2 d5 5. cxd5 Nxd5 6. e4 Nxc3 7.
bxc3 e6 8. Nf3 Be7 9. Bd3 O-O 10. O-O c5 11. d5 exd5 12. exd5 Qxd5 13. Bxh7+ Kh8 14.
Rd1 Qh5 15. Be4 Nc6 16. Rd7 Rab8 17. Bf4 Qg4 18. Rxb7 Qxf4 19. Bxc6 Rxb7 20. Bxb7 Bf6 21. Rd1 Qc7 22. Bd5 b5 23. c4 b4 24. g3 g6 25. Kg2 Kg7 26. h4 Rh8 27. Qe4 a5 28.
Ng5 Rf8 29. Bxf7 Bxg5 30. Qxg6+ Kh8 31. hxg5 Rxf7 32. Rh1+ Rh7 33. Rxh7+ Qxh7 34. Qe8+ Kg7 35. Qe5+ Kg8 36. Qxc5 Qe4+ 37. Kh2 Qc2 38. Qxa5 Qxf2+ 39. Kh3 Qf1+ 40. Kg4 Qxc4+ 41. Kf5 Qd3+ 42. Ke6 Qg6+ 43. Kd7 Qd3+ 44. Kc8 Qc3+ 45. Qc7 Kf8 46. g6 Kg8 47. Kb8 Qf6 48. Qf7+ Qxf7 49. gxf7+ Kxf7 50. Kc7 b3 51. axb3 Kg6 52. b4 Kg5 53. b5 Kg4 54. b6 Kxg3 55.
b7 Kf4 56. b8=Q Ke4 57. Qb5 Kd4 58. Kd6 Ke4 59. Qe5+ Kd3 60. Qf4 Kc3 61. Qe4 Kb3 62.
Kc5 Kc3 63. Qe3+ Kc2 64. Kc4 Kd1 65. Qf2 Kc1 66. Kc3 Kb1 67. Qb2# 1-0